 Dungeon Crawl Stone Soup version 0.20.1-1-g8b1a95d (webtiles) character file.

317 tidbits the Insei (level 6, -2/57 HPs)
             Began as a Demigod Transmuter on Aug 11, 2017.
             Slain by an orc
             ... wielding a +0 trident
              (6 damage)
             ... on level 4 of the Dungeon.
             The game lasted 00:12:35 (1233 turns).

tidbits the Insei (Demigod Transmuter)              Turns: 1233, Time: 00:12:36

Health: -2/57      AC:  7    Str: 18    XL:     6   Next: 0%
Magic:  12/12      EV: 13    Int: 21    God:
Gold:   153        SH:  0    Dex: 16    Spells: 4/10 levels left

rFire    . . .     SeeInvis .   a - +2 short sword (venom)
rCold    . . .     Gourm    .   (no shield)
rNeg     . . .     Faith    .   b - +0 robe
rPois    .         Spirit   .   (no helmet)
rElec    .         Reflect  .   (no cloak)
rCorr    .         Harm     .   G - +2 pair of gloves
MR       .....                  (no boots)
Stlth    ++........             (no amulet)
Regen    0.2/turn               (no ring)
MPRegen  0.2/turn               (no ring)

@: mighty, hasted, very quick
A: slimy green scales 1, high mp 1, robust 1
a: no special abilities


You were on level 4 of the Dungeon.
You were hungry.

You visited 1 branch of the dungeon, and saw 4 of its levels.

You collected 153 gold pieces.

Inventory:

Hand Weapons
 a - a +2 short sword of venom (weapon)
   (You took it off an orc on level 3 of the Dungeon)
 s - a +0 whip of freezing
   (You found it on level 3 of the Dungeon)
Missiles
 e - 40 stones (quivered)
 g - 28 sling bullets
 h - 5 tomahawks
 p - 13 poisoned needles
 r - 47 arrows
Armour
 b - a +0 robe (worn)
 l - a +1 ring mail of poison resistance
   (You found it on level 2 of the Dungeon)
 G - a +2 pair of gloves (worn)
Jewellery
 m - an uncursed ring of ice
   (You found it on level 2 of the Dungeon)
Scrolls
 f - a scroll of enchant armour
 i - a scroll of identify
 j - 2 scrolls of teleportation {unknown}
 o - a scroll of immolation {unknown}
 q - a scroll of recharging {unknown}
 t - 3 scrolls of fog {unknown}
Books
 c - a book of Changes

   Spells                             Type                      Level
   a - Beastly Appendage              Transmutation                1
   b - Sticks to Snakes               Transmutation                2
   c - Spider Form                    Transmutation/Poison         3
   d - Ice Form                       Ice/Transmutation            4
   e - Blade Hands                    Transmutation                5
Comestibles
 d - 3 bread rations
 n - a meat ration
 v - 2 chunks of flesh


   Skills:
 + Level 3.9 Fighting
 - Level 2.0 Dodging
 - Level 1.5 Stealth
 - Level 4.0 Unarmed Combat
 - Level 2.5 Spellcasting
 - Level 1.9 Transmutations


You had 4 spell levels left.
You knew the following spells:

 Your Spells              Type           Power        Failure   Level  Hunger
e - Beastly Appendage     Tmut           ##....       6%          1    None
k - Sticks to Snakes      Tmut           ##......     10%         2    ##.....
p - Spider Form           Tmut/Pois      #.........   28%         3    ###....


Dungeon Overview and Level Annotations

Branches:
Dungeon (4/15)
 Temple: D:4-7


Innate Abilities, Weirdness & Mutations

You have an increased reservoir of magic. (+10% MP)
You are partially covered in slimy green scales. (AC +2)
You are robust. (+10% HP)


Message History

2 orcs and an orc wizard come into view.
Found a silver wand.
Found a stone staircase leading down.
The orc shouts! x2
An orc wizard comes into view. It is wielding a dagger.
An orc comes into view. It is wielding a hand axe.
The orc wizard shouts! x2
Your ball python withers and dies!
You barely miss the orc. The orc hits you with a flail.
Casting: Sticks to Snakes
Confirm with . or Enter, or press ? or * to list all spells.
Your feet morph into talons.
The orc wizard miscasts a cantrip.
The orc hits you with a flail!
You hit the orc.
The orc is poisoned.
The orc is heavily wounded.
The orc wizard gestures wildly while chanting.
The orc wizard seems to speed up.
The orc closely misses you.
You hit the orc but do no damage.
The orc looks as sick as possible!
You claw the orc.
You kill the orc!
The orc wizard casts a spell at you.
You are confused.
The orc wizard hits you with a dagger.
Things that are here:
a flail; a chain mail; an orc corpse You barely miss the orc wizard.
The orc wizard misses you.
You bump into the rock wall.
The orc wizard closely misses you.
You miss the orc wizard. You claw the orc wizard.
The orc wizard is lightly wounded.
The orc wizard hits you but does no damage.
You hit the orc wizard. You claw the orc wizard.
The orc wizard is severely wounded.
You feel less confused.
The orc wizard points at you and mumbles some strange words.
The magic dart hits you!
You hit the orc wizard but do no damage.
The orc wizard is severely wounded.
Your transformation is almost over.
The orc wizard casts a spell at you. The magic dart hits you!
You closely miss the orc wizard.
You claw the orc wizard, but do no damage.
The orc wizard is severely wounded.
The orc wizard casts a spell at you. The magic dart hits you!
* * * LOW HITPOINT WARNING * * *
Unknown command.
You barely miss the orc wizard.
The orc wizard is severely wounded.
The orc wizard hits you with a dagger.
* * * LOW HITPOINT WARNING * * *
The orc wizard looks encouraged for a moment.
You closely miss the orc wizard. Your kick misses the orc wizard.
The orc wizard is severely wounded.
The orc wizard hits you but does no damage.
You hit the orc wizard but do no damage.
The orc wizard is poisoned.
You claw the orc wizard.
The orc wizard is almost dead.
You kill the orc wizard!
You hit the orc wizard but do no damage.
The orc wizard is poisoned.
You punch the orc wizard.
The orc wizard is moderately wounded.
The orc wizard casts a cantrip, but nothing happens.
The orc misses you.
The orc wizard hits you but does no damage.
You barely miss the orc wizard. Your kick misses the orc wizard.
The orc wizard is moderately wounded.
The orc wizard hits you but does no damage.
The orc suddenly cheers.
The orc hits you from afar with a trident.
* * * LOW HITPOINT WARNING * * *
The orc wizard points at you and mumbles some strange words.
The puff of frost hits you!
* * * LOW HITPOINT WARNING * * *
Unknown command.
You feel very mighty all of a sudden. The orc wizard hits you with a dagger!
* * * LOW HITPOINT WARNING * * *
The orc hits you from afar with a trident.
* * * LOW HITPOINT WARNING * * *
Unknown command.
You feel yourself speed up. The orc wizard closely misses you.
The orc completely misses you.
The orc wizard hits you but does no damage.
You miss the orc wizard. You claw the orc wizard.
The orc wizard is severely wounded.
The orc completely misses you. The orc wizard closely misses you.
You barely miss the orc wizard. Your kick misses the orc wizard.
The orc wizard is almost dead.
Your talons disappear.
The orc wizard completely misses you.
You barely miss the orc wizard. You punch the orc wizard.
You kill the orc wizard!
You have reached level 6!
Your experience leads to a dramatic increase in your attributes!
Your base attributes are Str 13, Int 19, Dex 16.
Increase (S)trength, (I)ntelligence, or (D)exterity?
You feel clever. x2
The orc hits you from afar with a trident.
You die...

#.# #.# #.#
#.# #.# #.#
#.#
#.##########
#...@>oo....
############


You could see 2 orcs.

Vanquished Creatures
  An ogre (D:4)
  A crimson imp (D:3)
  A hound (D:4)
  A worker ant (D:4)
  2 orc wizards (D:4)
  2 adders
  An ooze (D:3)
  A worm (D:2)
  A dart slug (D:2)
  5 orcs
  A giant cockroach (D:3)
  6 goblins
  8 hobgoblins
  8 jackals
  6 kobolds
  A quokka (D:4)
  2 bats
  2 frilled lizards (D:1)
  5 rats
55 creatures vanquished.

Vanquished Creatures (collateral kills)
  An orc wizard (D:3)
  A hobgoblin (D:2)
2 creatures vanquished.

Vanquished Creatures (others)
  A rat (D:1)
1 creature vanquished.

Grand Total: 58 creatures vanquished

Notes
Turn   | Place    | Note
-------+----------+-------------------------------------------
     0 | D:1      | tidbits the Demigod Transmuter began the quest for the Orb.
     0 | D:1      | Reached XP level 1. HP: 15/15 MP: 5/5
    32 | D:1      | Reached skill level 2 in Dodging
   117 | D:1      | Reached skill level 3 in Unarmed Combat
   117 | D:1      | Reached XP level 2. HP: 15/22 MP: 5/7
   121 | D:1      | Learned a level 2 spell: Sticks to Snakes
   147 | D:1      | Reached skill level 1 in Stealth
   483 | D:2      | Reached XP level 3. HP: 19/27 MP: 6/8
   623 | D:2      | Found an opulent altar of Gozag.
   626 | D:2      | Found an iron altar of Okawaru.
   629 | D:2      | Found a hazy altar of Hepliaklqana.
   686 | D:3      | Reached skill level 2 in Spellcasting
   691 | D:3      | Learned a level 3 spell: Spider Form
   730 | D:3      | Reached XP level 4. HP: 34/34 MP: 4/10
   854 | D:3      | Reached skill level 4 in Unarmed Combat
   866 | D:3      | Reached skill level 1 in Fighting
  1040 | D:4      | Gained mutation: You are partially covered in slimy green scales. (AC +2) [potion of mutation]
  1040 | D:4      | Gained mutation: You are robust. (+10% HP) [potion of mutation]
  1053 | D:4      | Reached skill level 2 in Fighting
  1053 | D:4      | Reached XP level 5. HP: 42/45 MP: 9/11
  1087 | D:4      | Noticed an ogre
  1098 | D:4      | Killed an ogre
  1098 | D:4      | Reached skill level 3 in Fighting
  1229 | D:4      | HP: 5/50 [orc wizard/dagger (7)]
  1229 | D:4      | HP: 2/50 [orc/trident (3)]
  1233 | D:4      | Reached XP level 6. HP: 3/57 MP: 12/12
  1233 | D:4      | Slain by an orc

Skill      XL: |  1  2  3  4  5 |
---------------+----------------+-----
Dodging        | 2 |  2.0
Unarmed Combat | 3 4 |  4.0
Stealth        | 1 |  1.5
Spellcasting   | 2 |  2.5
Fighting       | 2 3 |  3.9
Transmutations | |  1.9

Action                   |  1- 3 |  4- 6 || total
-------------------------+-------+-------++-------
Melee: Unarmed           |    85 |    21 ||   106
       Headbutt          |    17 |     4 ||    21
       Kick              |     4 |     7 ||    11
       Short sword       |       |    49 ||    49
       Punch             |       |     4 ||     4
 Cast: Beastly Appendage |    24 |     6 ||    30
       Sticks to Snakes  |     7 |     6 ||    13
       Spider Form       |       |     1 ||     1
  Use: Scroll            |     2 |     5 ||     7
       Potion            |       |     3 ||     3
 Stab: Sleeping          |     1 |       ||     1
       Distracted        |     1 |       ||     1
  Eat: Chunk             |       |     2 ||     2
Armor: Robe              |     6 |    16 ||    22
Dodge: Dodged            |    47 |    40 ||    87

Table legend:
 A = Turns spent in this place as a percentage of turns spent in the entire game.
 B = Non-inter-level travel turns spent in this place as a percentage of non-inter-level travel turns spent in the entire game.
 C = Inter-level travel turns spent in this place as a percentage of turns spent in this place.
 D = Turns resting spent in this place as a percentage of non-inter-level travel turns spent in this place.
 E = Turns spent auto-exploring this place as a percentage of non-inter-level travel turns spent in this place.
 F = Non-inter-level travel turns spent in this place divided by the number of levels of this place that you've seen.
                   A       B       C       D       E      F
               +-------+-------+-------+-------+-------+----------------------
         Total | 100.0 | 100.0 |   0.1 |   0.0 |   0.0 | 298.0
       Dungeon | 100.0 | 100.0 |   0.1 |   0.0 |   0.0 | 298.0
               +-------+-------+-------+-------+-------+----------------------

Table legend:
 A = Kills in this place as a percentage of kills in entire the game.
 B = Kills by you in this place as a percentage of kills by you in the entire game.
 C = Kills by friends in this place as a percentage of kills by friends in the entire game.
 D = Other kills in this place as a percentage of other kills in the entire game.
 E = Experience gained in this place as a percentage of experience gained in the entire game.
 F = Experience gained in this place divided by the number of levels of this place that you have seen.
                   A       B       C       D       E      F
               +-------+-------+-------+-------+-------+----------------------
         Total | 100.0 | 100.0 | 100.0 |  -nan | 100.0 | 113.2
       Dungeon | 100.0 | 100.0 | 100.0 |  -nan | 100.0 | 113.2
               +-------+-------+-------+-------+-------+----------------------

Vault maps used:
D:1:      ncdulo_watergridlock
D:2:      grunt_temple_overflow_diamond
D:3:      serial_curves, eino_curves_02, eino_curves_02
D:4:      first_bread
